 Dungeon Crawl Stone Soup version 0.32-a0-876-gcfddb08 (webtiles) character file.

Game seed: 14036040721571319678

575164 lyrin the Demon Slayer (level 27, -3/219 HPs)
             Began as a Gnoll Air Elementalist on Mar 31, 2024.
             Was a High Priest of the Shining One.
             Killed from afar by a storm dragon (36 damage)
             ... with a bolt of lightning
             ... on level 3 of the Realm of Zot.
             The game lasted 03:53:51 (97481 turns).

lyrin the Demon Slayer (Gnoll Air Elementalist)    Turns: 97481, Time: 03:53:53

Health: -3/219     AC: 27    Str: 13    XL:     27
Magic:  46/46      EV: 16    Int: 29    God:    the Shining One [*****.]
Gold:   6771       SH: 16    Dex: 15    Spells: 36/64 levels left

rFire   + . .        a - +9 double sword (heavy)
rCold   + . .        u - +2 kite shield {reflect}
rNeg    + + .        I - +4 scale mail {Will+}
rPois   .            w - +2 helmet
rElec   .            k - +1 cloak
rCorr   .            G - +2 pair of gloves
SInv    .            F - +0 pair of boots of Puyn {Slay+2}
Will    +++..        p - amulet of regeneration
Stlth   +++          Y - ring of Dotiyze {rF+ Str+2 Int+4 Dex+2}
HPRegen 1.36/turn    S - ring of protection from cold
MPRegen 0.30/turn

%: reflection
@: lethally poisoned (-3 -> -7), about to teleport, glowing, studying Earth
Magic
A: fangs 1, strong nose, distributed training
}: 3/15 runes: decaying, silver, gossamer
a: Renounce Religion, Divine Shield, Cleansing Flame, Summon Divine Warrior


You were on level 3 of the Realm of Zot.
You worshipped the Shining One.
The Shining One was extremely pleased with you.
You visited 11 branches of the dungeon, and saw 49 of its levels.
You visited 1 bazaar.
You also visited: Ice Cave.

You collected 9698 gold pieces.
You spent 2927 gold pieces at shops.

Inventory:

Hand Weapons
 a - a +9 heavy double sword (weapon)
Missiles
 h - a throwing net
Armour
 k - a +1 cloak (worn)
 u - a +2 kite shield of reflection (worn)
 w - a +2 helmet (worn)
 F - the +0 pair of boots of Puyn (worn) {Slay+2}
   (You found it on level 13 of the Dungeon)

   Slay+2:    It affects your accuracy & damage with ranged weapons and melee
   (+2).
 G - a +2 pair of gloves (worn)
 I - a +4 scale mail of willpower (worn)
Magical Staves
 b - a staff of air
Jewellery
 g - a ring of magical power
 p - an amulet of regeneration (around neck)
 y - a ring of resist corrosion
 N - a ring of poison resistance
 O - a ring of willpower
 S - a ring of protection from cold (right hand)
 U - the ring "Reuf" {rElec rN+ MP+9}
   (You found it on level 5 of the Vaults)

   [ring of positive energy]

   rElec:     It insulates you from electricity.
   rN+:       It protects you from negative energy.
   MP+9:      It affects your magic capacity (+9).
 Y - the ring of Dotiyze (left hand) {rF+ Str+2 Int+4 Dex+2}
   (You took it off a deep elf death mage on level 3 of the Elven Halls)

   [ring of protection from fire]

   Str+2:     It affects your strength (+2).
   Int+4:     It affects your intelligence (+4).
   Dex+2:     It affects your dexterity (+2).
   rF+:       It protects you from fire.
Wands
 x - a wand of digging (18)
 C - a wand of warping (22)
 L - a wand of mindburst (36) (quivered)
 M - a wand of light (58)
 P - a wand of flame (95)
 Q - a wand of paralysis (36)
Scrolls
 d - 5 scrolls of amnesia
 l - 15 scrolls of teleportation
 n - 3 scrolls of fear
 o - 7 scrolls of noise
 q - 3 scrolls of revelation
 z - 16 scrolls of identify
 B - 11 scrolls of poison
 J - 4 scrolls of silence
 K - 8 scrolls of vulnerability
 V - 9 scrolls of immolation
 Z - 6 scrolls of fog
Potions
 c - 21 potions of curing
 e - 11 potions of might
 i - 4 potions of enlightenment
 j - 3 potions of berserk rage
 m - 12 potions of brilliance
 s - 13 potions of lignification
 t - 7 potions of haste
 v - 8 potions of attraction
 D - 2 potions of cancellation
 E - 3 potions of magic
 R - 11 potions of mutation
 T - 4 potions of ambrosia
 W - a potion of resistance
Miscellaneous
 r - a phantom mirror
 H - a phial of floods
 X - a condenser vane


   Skills:
 + Level 18.4 Fighting
 + Level 18.4 Short Blades
 + Level 18.4 Long Blades
 + Level 18.4 Axes
 + Level 18.4 Maces & Flails
 + Level 18.4 Polearms
 + Level 18.4 Staves
 + Level 18.4 Ranged Weapons
 + Level 18.4 Throwing
 + Level 18.4 Armour
 + Level 18.9 Dodging
 + Level 18.8 Stealth
 + Level 18.4 Shields
 + Level 18.4 Unarmed Combat
 + Level 19.0 Spellcasting
 + Level 15.8 Conjurations
 + Level 15.6 Hexes
 + Level 15.6 Summonings
 + Level 15.6 Necromancy
 + Level 15.6 Translocations
 + Level 15.6 Fire Magic
 + Level 15.6 Ice Magic
 + Level 16.5 Air Magic
 + Level 18.0 Earth Magic
 + Level 15.6 Alchemy
 + Level 19.9 Invocations
 + Level 18.4 Evocations
 + Level 17.0 Shapeshifting


You had 36 spell levels left.
You knew the following spells:

 Your Spells              Type           Power      Damage    Failure   Level
a - Shock                 Conj/Air       100%       1d9       0%          1
b - Static Discharge      Conj/Air       100%       3-8/arc   0%          2
c - Airstrike             Air            44%        2d(7-23)  1%          4
d - Summon Mana Viper     Hex/Summ       87%        N/A       1%          5
e - Sticky Flame          Fire/Alch      87%        2d13      1%          4
f - Lee's Rapid Deconstr  Erth           46%        3d22*     1%          5
g - Manifold Assault      Tloc           43%        N/A       9%          7

Your spell library contained the following spells:

 Spells                   Type           Power      Damage    Failure   Level
 Freeze                   Ice            100%       1d10      0%          1
 Kiss of Death            Conj/Necr      100%       2d13      0%          1
 Magic Dart               Conj           100%       1d8       0%          1
 Sandblast                Erth           100%       2d20      0%          1
 Slow                     Hex            100%       N/A       0%          1
 Blink                    Tloc           100%       N/A       0%          2
 Call Imp                 Summ           100%       N/A       0%          2
 Scorch                   Fire           100%       2d9       0%          2
 Searing Ray              Conj           100%       2d8       0%          2
 Passwall                 Erth           93%        N/A       0%          3
 Call Canine Familiar     Summ           87%        N/A       1%          3
 Confusing Touch          Hex            87%        N/A       1%          3
 Dazzling Flash           Conj/Hex       100%       N/A       1%          3
 Fugue of the Fallen      Necr           87%        N/A       1%          3
 Inner Flame              Hex/Fire       87%        N/A       1%          3
 Mephitic Cloud           Conj/Alch/Air  88%        N/A       1%          3
 Ozocubu's Armour         Ice            87%        N/A       1%          3
 Sigil of Binding         Hex            87%        N/A       1%          3
 Stone Arrow              Conj/Erth      100%       3d13      1%          3
 Summon Ice Beast         Ice/Summ       87%        N/A       1%          3
 Swiftness                Air            89%        N/A       1%          3
 Vampiric Draining        Necr           87%        2d12      1%          3
 Volatile Blastmotes      Fire/Tloc      100%       2d18      1%          3
 Anguish                  Hex/Necr       43%        N/A       1%          4
 Animate Armour           Summ/Erth      100%       N/A       1%          4
 Brom's Barrelling Bould  Conj/Erth      90%        2d10      1%          4
 Cause Fear               Hex            43%        N/A       1%          4
 Dimensional Bullseye     Hex/Tloc       43%        N/A       1%          4
 Dispel Undead            Necr           87%        3d28      1%          4
 Flame Wave               Conj/Fire      87%        2d19      1%          4
 Fulminant Prism          Conj/Alch      43%        3d19      1%          4
 Ignite Poison            Fire/Alch      87%        N/A       1%          4
 Leda's Liquefaction      Alch/Erth      45%        N/A       1%          4
 Petrify                  Alch/Erth      90%        N/A       1%          4
 Summon Blazeheart Golem  Fire/Summ      87%        N/A       1%          4
 Summon Lightning Spire   Summ/Air       88%        N/A       1%          4
 Vhi's Electric Charge    Tloc/Air       100%       N/A       1%          4
 Arcjolt                  Conj/Air       44%        1d54      1%          5
 Borgnjor's Vile Clutch   Necr/Erth      45%        N/A       1%          5
 Curse of Agony           Necr           87%        N/A       1%          5
 Fireball                 Conj/Fire      43%        3d17      1%          5
 Irradiate                Conj/Alch      43%        3d26      1%          5
 Metabolic Englaciation   Hex/Ice        43%        N/A       1%          5
 Silence                  Hex/Air        44%        N/A       1%          5
 Summon Forest            Summ/Tloc      43%        N/A       1%          5
 Bombard                  Conj/Erth      45%        9d8       1%          6
 Conjure Ball Lightning   Conj/Air       44%        3x3d15    1%          6
 Plasma Beam              Fire/Air       44%        2x1d58    1%          6
 Starburst                Conj/Fire      43%        6d12      1%          6
 Summon Cactus Giant      Summ           43%        N/A       1%          6
 Orb of Destruction       Conj           44%        9d12      8%          7
 Spellforged Servitor     Conj/Summ      43%        N/A       8%          7
 Enfeeble                 Hex            43%        N/A       9%          7
 Monstrous Menagerie      Summ           43%        N/A       9%          7
 Lehudib's Crystal Spear  Conj/Erth      45%        10d11     36%         8
 Maxwell's Capacitive Co  Air            44%        ∞         41%         8
 Discord                  Hex            43%        N/A       54%         8
 Disjunction              Tloc           43%        N/A       54%         8
 Ignition                 Fire           43%        3d13      54%         8
 Dragon's Call            Summ           43%        N/A       100%        9


Dungeon Overview and Level Annotations

Branches:
Dungeon (15/15)            Temple (1/1) D:5            Lair (5/5) D:11
  Swamp (4/4) Lair:2       Spider (4/4) Lair:3        Slime (0/5) Lair:4
    Orc (2/2) D:10            Elf (3/3) Orc:2        Vaults (5/5) D:13
  Crypt (3/3) Vaults:3       Tomb (0/3) Crypt:3      Depths (4/4) D:15
    Zot (3/5) Depths:4      IceCv (visited)

Altars:
Ashenzari
Cheibriados
Dithmenos
Elyvilon
Fedhas
Gozag
Hepliaklqana
Kikubaaqudgha
Makhleb
Nemelex Xobeh
Okawaru
Qazlal
Ru
Sif Muna
Trog
Uskayaw
Vehumet
Wu Jian
Xom
Yredelemnul
Zin
The Shining One
Beogh

Shops:
D:2 (   D:10 *[(   D:11 =(   D:12 [   Orc:2 (=[(=((   Elf:3 !   Vaults:3 :
Vaults:4 (   Vaults:5 !*   Crypt:2 *   Depths:1 *!   Depths:2 :

Portals:
Hell: Depths:1 Depths:2 Depths:3 Depths:4
Abyss: Depths:3 Depths:4
Pandemonium: Depths:1 Depths:2 Depths:4
Ziggurat: Depths:2

Annotations:
Elf:3 1 exclusion
Crypt:2 3 runed translucent doors, exclusion: obsidian statue, Osipn's ghost, veteran MiGl
Depths:1 1 runed translucent door, exclusion: orange crystal statue
Zot:1 3 transporters
Zot:3 Grunn


Innate Abilities, Weirdness & Mutations

You have very sharp teeth.
Your uncanny sense of smell can sniff out nearby items.
Your experience applies equally to all skills.


Message History

The red draconian completely misses you.
The white draconian stormcaller utters an invocation to Qazlal.
You block the black draconian's attack. x2
The red draconian monk breathes fire at you.
The searing blast hits the orb of fire.
The orb of fire completely resists.
The searing blast hits you!! You resist.
* * * LOW HITPOINT WARNING * * *
You hear a roar!
You feel much better.
You are engulfed in blazing flames.
You resist.
* * * LOW HITPOINT WARNING * * *
The storm dragon barely misses you. You block the storm dragon's attack. x2
The red draconian breathes fire at you. The searing blast hits you! You resist.
* * * LOW HITPOINT WARNING * * *
You block the white draconian's attack.
The white draconian stormcaller prays to Qazlal.
The black draconian hits you but does no damage. x2
The purple draconian shifter mumbles some strange words.
The purple draconian shifter blinks!
The red draconian knight mumbles some strange words.
The red draconian knight seems to speed up.
Okay, then.
The white draconian barely misses you.
The black draconian attacks as it pursues you!
You block the black draconian's attack.
A red draconian scorcher comes into view.
It is wielding a +0 war axe.
The white draconian attacks as it pursues you!
The white draconian misses you.
A red draconian monk comes into view.
The red draconian monk roars!
The white draconian attacks as it pursues you!
The white draconian misses you.
The white draconian stormcaller mumbles some strange prayers to Qazlal.
The green draconian breathes poison at you.
The blast of poison engulfs you.
You are poisoned.
* * * LOW HITPOINT WARNING * * *
The storm dragon breathes lightning at you.
The bolt of lightning hits you!!!
You die...

###........d..g.q...
. ##.D
#........)kkk.....
#.. .........kdDkq.#
##.
.........D.q.kdk# ##
#....#....q#.qD.# .
##...#...d.##dd.##
..)q.☼##....#..
.q##.○§*..☼..... .
#.§@○...#...#
#.#§§☼...#...#
.......☼..# ..#
...........# #
............#
.......##....#
....... ...##
..#.... ....


You could see an orb of fire, a red draconian monk, a red draconian knight
(fast), a golden dragon, a storm dragon (catching breath), a black draconian, 2
draconians, a white draconian, a death drake (summoned) and a wind drake
(summoned, repels missiles).

Vanquished Creatures
  Frederick (Crypt:3)
  An ancient lich (Vaults:5)
  A dread lich (Vaults:4)
  2 juggernauts
  Josephina (Crypt:2)
  Bai Suzhen (Swamp:4)
  Saint Roka (Vaults:3)
  4 curse toes
  Norris (Vaults:1)
  7 golden dragons
  2 doom hounds (Zot:2)
  An iron giant (Depths:2)
  12 tentacled monstrosities
  Jorgrun (D:15)
  6 quicksilver dragons
  A lich (Depths:3)
  2 deep elf blademasters (Elf:3)
  2 deep elf master archers (Elf:3)
  4 titans (Vaults:4)
  4 death cobs
  Frances (D:11)
  3 sphinxes (Vaults:4)
  Gastronok (D:8)
  9 ancient champions
  Kirke (D:14)
  4 tengu reavers (Vaults:4)
  8 shadow dragons
  2 revenants (Crypt:3)
  2 draconian knights
  7 storm dragons
  A draconian monk (Depths:4)
  6 frost giants
  8 deep elf sorcerers
  7 fire giants
  An iron dragon (Depths:2)
  A balrug (Depths:1)
  19 vault wardens
  4 emperor scorpions
  4 ghost moths
  A curse skull (Crypt:3)
  A caustic shrike zombie (Crypt:3)
  3 reapers
  A draconian stormcaller (Depths:4)
  An orc warlord (Vaults:4)
  3 deep elf elementalists (Elf:3)
  4 ghouls
  2 caustic shrike skeletons
  A juggernaut skeleton (Crypt:2)
  A broodmother (Spider:2)
  17 ironbound preservers
  7 ironbound thunderhulks
  19 very ugly things
  3 formless jellyfish (Vaults:2)
  A green draconian (Zot:1)
  7 vampire knights
  5 eleionomae
  15 stone giants
  7 deep elf demonologists
  2 spark wasps
  3 bunyips
  2 white draconians
  6 deep elf death magi
  5 yellow draconians
  7 dire elephants
  5 black draconians
  2 grey draconians (Depths:4)
  4 deep elf annihilators
  2 war gargoyles (Vaults:4)
  4 red draconians
  4 eidola
  8 ettins
  An ettin (shapeshifter) (Depths:2)
  3 green deaths
  A quicksilver dragon zombie (Crypt:1)
  A crystal guardian (Vaults:4)
  14 yaktaur captains
  12 jiangshi
  Fannar (D:10)
  8 fire dragons
  8 deep elf high priests
  A rakshasa (D:11)
  12 hydras
  5 ice dragons
  4 great orbs of eyes
  3 entropy weavers
  9 ironbound frosthearts
  3 radroaches (Spider:4)
  2 spriggan air magi
  28 vault guards
  2 peacekeepers
  4 two-headed ogres
  6 centaur warriors
  4 catoblepae
  4 alligators
  28 dancing weapons
  A death knight (Crypt:1)
  7 death yaks
  7 deep troll earth magi
  8 boulder beetles
  2 death scarabs (Spider:3)
  A bennu skeleton (Crypt:2)
  12 tengu warriors
  The ghost of NahIdwin the Mimic, a journeyman OpSh of Gozag (Lair:1)
  8 deep troll shamans
  11 vampire magi
  A hell hog (Lair:5)
  2 orc high priests (Vaults:3)
  An Orb Guardian skeleton (Crypt:1)
  2 occultists
  13 hell knights
  4 sun demons (Depths:1)
  A thrashing horror (Swamp:4)
  6 demonic crawlers
  2 spriggan berserkers
  A storm dragon zombie (Crypt:3)
  13 deep elf knights
  6 iron trolls
  2 soul eaters (Depths:1)
  A salamander mystic (Depths:3)
  A shadow wraith (Crypt:3)
  A golden dragon zombie (Crypt:2)
  A storm dragon skeleton (Vaults:3)
  4 goliath frogs
  7 skysharks
  A titan skeleton (Crypt:1)
  4 pharaoh ants
  2 sea snakes (shapeshifter) (D:13)
  A sixfirhy (Depths:1)
  19 skeletal warriors
  3 spriggan druids
  3 flayed ghosts
  63 deep trolls
  4 orb spiders
  A death drake (shapeshifter) (Vaults:4)
  3 swamp dragons
  An orb spider (shapeshifter) (Depths:3)
  9 lindwurms
  12 bog bodies
  9 arcanists
  An anaconda zombie (Crypt:1)
  4 glowing orange brains
  7 orc knights
  An orange crystal statue (Vaults:2)
  10 deep elf archers
  3 sun moths
  31 deep elf pyromancers
  14 ironbound convokers
  4 steelbarb worms
  23 deep elf zephyrmancers
  16 phantasmal warriors
  A fenstrider witch simulacrum (Crypt:2)
  A thermic dynamo (D:13)
  2 obsidian bats
  A goliath frog zombie (Crypt:2)
  6 necromancers
  7 harpies
  A wolf spider (shapeshifter) (Depths:3)
  A steelbarb worm (shapeshifter) (Depths:4)
  An iron dragon zombie (Depths:1)
  15 wolf spiders
  43 ugly things
  A large abomination (Swamp:4)
  4 oklob plants (Lair:1)
  A shadow dragon skeleton (Crypt:1)
  A frost giant zombie (Depths:2)
  4 orc sorcerers
  3 cyclopes
  3 salamanders (Depths:3)
  2 will-o-the-wisps
  19 moths of wrath
  A tengu skeleton (Depths:2)
  A manticore (shapeshifter) (Vaults:4)
  A frost giant skeleton (Vaults:3)
  4 manticores
  9 elephants (Lair:5)
  5 meliai
  A stone giant skeleton (Depths:2)
  2 nameless horrors (D:14)
  An eleionoma skeleton (Crypt:1)
  21 vault sentinels
  A dire elephant zombie (Crypt:1)
  7 kobold blastminers (Orc:2)
  6 black mambas
  A rust devil (Depths:4)
  A centaur zombie (Crypt:3)
  4 orange demons
  A centaur skeleton (Crypt:3)
  An ice statue (IceCv)
  5 gargoyles
  A dire elephant skeleton (Crypt:2)
  10 cane toads
  A naga skeleton (Crypt:1)
  2 smoke demons (Depths:1)
  2 hellions
  3 rime drakes
  7 torpor snails
  11 komodo dragons
  37 yaktaurs
  3 unseen horrors
  Psyche (D:12)
  A kobold demonologist (D:14)
  5 tengu conjurers
  3 freezing wraiths
  3 tormentors (Zot:2)
  An iron troll zombie (Crypt:1)
  2 red devils (Crypt:2)
  11 polar bears
  2 anaconda simulacra
  A spriggan skeleton (Depths:1)
  2 bloated husks
  An iron troll skeleton (Crypt:1)
  A raiju (shapeshifter) (Elf:1)
  A wolf spider simulacrum (D:15)
  A golden dragon simulacrum (Depths:2)
  10 trolls
  20 tarantellas
  7 tyrant leeches
  A death drake skeleton (Crypt:2)
  21 hornets
  A queen bee (Lair:3)
  A dream sheep (Lair:5)
  7 blink frogs
  6 raiju
  A glass eye (shapeshifter) (Vaults:5)
  27 slime creatures
  Sigmund (D:4)
  24 jumping spiders
  15 culicivoras
  A human simulacrum (Vaults:3)
  3 vampires (Crypt:3)
  A ynoxinul (Depths:4)
  5 shadows
  6 water elementals
  7 wyverns
  6 hogs (D:14)
  2 dire elephant simulacra (IceCv)
  3 wraiths (Crypt:1)
  3 air elementals
  Eustachio (D:6)
  An ettin skeleton (Crypt:1)
  6 fire elementals
  10 wargs
  A fire bat (Orc:1)
  12 spriggans
  80 yaks
  A golden eye (shapeshifter) (D:11)
  27 redbacks
  4 basilisks
  A steam dragon (D:9)
  3 vampire mosquitoes (D:12)
  Menkaure (D:5)
  A harpy simulacrum (Crypt:1)
  A two-headed ogre zombie (Crypt:1)
  A skyshark zombie (Crypt:1)
  A cane toad zombie (Crypt:1)
  5 acid dragons
  2 glowing shapeshifter skeletons
  16 swamp worms
  14 water moccasins
  32 orc warriors
  2 hydra simulacra (IceCv)
  A two-headed ogre skeleton (Crypt:3)
  10 hell hounds
  A sky beast (D:6)
  12 black bears
  8 laughing skulls
  2 swamp drakes
  An ice beast (D:8)
  2 small abominations (Swamp:1)
  7 ogres
  9 centaurs
  The ghost of bob002 the Chopper, an amateur DsGl (D:3)
  A boggart (Vaults:3)
  28 wolves
  A dream sheep skeleton (Crypt:1)
  A snapping turtle skeleton (Crypt:1)
  3 kobold brigands
  13 bullfrogs
  3 scorpions
  2 gnoll sergeants
  2 cane toad simulacra (IceCv)
  A water moccasin zombie (D:5)
  3 two-headed ogre simulacra (IceCv)
  3 wights (D:8)
  A wyvern skeleton (Crypt:2)
  A shapeshifter zombie (Crypt:3)
  4 elephant simulacra (IceCv)
  24 killer bees
  2 electric eels (Lair:2)
  5 howler monkeys
  A wolf zombie (Crypt:2)
  4 jellies
  A bombardier beetle (D:4)
  2 gnoll boudas
  11 orc priests
  7 hounds
  A bullfrog skeleton (Crypt:3)
  2 sleepcaps (D:7)
  2 iguanas (D:7)
  14 orc wizards
  A scorpion zombie (D:5)
  4 hell rats (Lair:5)
  6 spriggan simulacra
  Terence (D:2)
  4 polar bear simulacra (IceCv)
  2 wolf simulacra
  A killer bee zombie (D:5)
  8 troll simulacra (IceCv)
  A deep dwarf skeleton (Crypt:3)
  An ogre skeleton (Crypt:3)
  A hound zombie (D:5)
  Robin (D:4)
  A howler monkey zombie (D:5)
  31 gnolls
  6 adders
  6 naga simulacra (IceCv)
  A swamp drake skeleton (Crypt:2)
  A shadow imp (D:5)
  5 white imps
  9 ufetubi
  A lava snake skeleton (Crypt:3)
  3 dart slugs
  53 orcs
  3 bats
  5 endoplasms
  3 giant cockroaches (D:1)
  15 goblins
  7 hobgoblins
  4 jackals (D:4)
  26 kobolds
  A quokka (D:1)
  4 ball pythons
  A bombardier beetle zombie (Crypt:3)
  4 frilled lizards
  A frilled lizard skeleton (Crypt:3)
  5 rats
1966 creatures vanquished.

Vanquished Creatures (collateral kills)
  An ancient lich (Vaults:4)
  Mennas (Vaults:5)
  A juggernaut (Depths:1)
  2 golden dragons
  A walking crystal tome (Depths:2)
  A walking earthen tome (Depths:2)
  2 storm dragons
  A shadow dragon (Depths:3)
  Donald (Swamp:4)
  2 vault wardens
  An iron dragon (Vaults:3)
  A frost giant (Depths:1)
  2 emperor scorpions
  A deep elf sorcerer (Elf:1)
  2 deep elf elementalists (Elf:3)
  2 fire giants (Depths:3)
  A ghost moth (Spider:4)
  A ghoul (Swamp:1)
  A spriggan defender (Depths:3)
  3 stone giants
  3 very ugly things
  A black draconian (Depths:4)
  An eleionoma (Swamp:4)
  A yellow draconian (Depths:4)
  A deep elf death mage (Elf:3)
  A spark wasp (Spider:3)
  3 dire elephants (Vaults:2)
  A deep elf annihilator (Elf:3)
  A purple draconian (Zot:1)
  2 ettins
  A blizzard demon (Depths:3)
  A green death (Swamp:4)
  2 entropy weavers (Spider:3)
  2 fire dragons
  A yaktaur captain (Vaults:2)
  A deep elf high priest (Elf:3)
  A vault guard (Vaults:1)
  4 ice dragons
  5 hydras (Swamp:4)
  2 spriggan air magi
  2 rakshasas (Depths:1)
  2 boulder beetles
  2 tengu warriors (D:14)
  3 demonic crawlers
  2 deep troll earth magi
  A vampire mage (Depths:4)
  A spriggan (Depths:4)
  An occultist (Depths:1)
  A hell knight (Depths:3)
  9 deep elf knights
  2 iron trolls (Depths:3)
  8 deep trolls
  4 skeletal warriors
  A swamp dragon (Swamp:4)
  A steelbarb worm (Spider:4)
  6 bog bodies
  6 deep elf archers
  8 deep elf zephyrmancers
  A phantasmal warrior (Vaults:5)
  2 wolf spiders (Spider:2)
  5 ugly things
  8 deep elf pyromancers
  A moth of wrath (Spider:2)
  A freezing wraith (D:15)
  A yaktaur (Vaults:2)
  A tyrant leech (Swamp:1)
  A raiju (shapeshifter) (Depths:3)
  A hornet (Depths:4)
  A glass eye (shapeshifter) (D:13)
  3 tarantellas
  A jumping spider (Spider:2)
  2 shadows (Swamp:4)
  2 small abominations (Swamp:1)
  A water elemental (D:13)
  2 culicivoras
  A wraith (Vaults:3)
  A wyvern (Depths:4)
  A fire elemental (Elf:1)
  3 redbacks
  A fire dragon simulacrum (Crypt:2)
  An earth elemental (Elf:3)
165 creatures vanquished.

Vanquished Creatures (others)
  A stone giant (Vaults:4)
  A deep elf knight (Elf:1)
  2 deep elf pyromancers
  A moth of wrath (Zot:2)
  A titan simulacrum (Crypt:2)
  4 bloated husks
  A polar bear (Lair:5)
  A centaur simulacrum (Crypt:2)
  A water elemental (D:13)
  A fire elemental (Elf:1)
  2 orc warriors (Vaults:5)
  A black mamba simulacrum (Crypt:2)
  A kobold brigand (D:8)
  A kobold (D:10)
  2 foxfires (Swamp:2)
21 creatures vanquished.

Grand Total: 2152 creatures vanquished

Notes
Turn   | Place    | Note
-------+----------+-------------------------------------------
     0 | D:1      | lyrin the Gnoll Air Elementalist began the quest for the
                  | Orb.
     0 | D:1      | Reached XP level 1. HP: 13/13 MP: 6/6
   221 | D:1      | Reached XP level 2. HP: 15/19 MP: 3/7
   842 | D:1      | Reached skill level 5 in Spellcasting
   842 | D:1      | Reached XP level 3. HP: 25/25 MP: 2/9
  1406 | D:2      | Reached skill level 1 in Invocations
  1417 | D:2      | Noticed Terence
  1432 | D:2      | Killed Terence
  1433 | D:2      | Reached skill level 1 in Fighting
  1433 | D:2      | Reached skill level 1 in Short Blades
  1433 | D:2      | Reached skill level 1 in Long Blades
  1433 | D:2      | Reached skill level 1 in Axes
  1433 | D:2      | Reached skill level 1 in Maces & Flails
  1433 | D:2      | Reached skill level 1 in Polearms
  1433 | D:2      | Reached skill level 1 in Staves
  1433 | D:2      | Reached skill level 1 in Ranged Weapons
  1433 | D:2      | Reached skill level 1 in Throwing
  1433 | D:2      | Reached skill level 1 in Armour
  1433 | D:2      | Reached skill level 1 in Shields
  1433 | D:2      | Reached skill level 1 in Unarmed Combat
  1433 | D:2      | Reached skill level 1 in Evocations
  1469 | D:2      | Reached skill level 1 in Shapeshifting
  1469 | D:2      | Reached XP level 4. HP: 32/32 MP: 7/11
  1795 | D:2      | Found Seluisut's Antique Weapon Shop.
  2008 | D:2      | Reached skill level 1 in Hexes
  2008 | D:2      | Reached skill level 1 in Summonings
  2008 | D:2      | Reached skill level 1 in Necromancy
  2008 | D:2      | Reached skill level 1 in Translocations
  2008 | D:2      | Reached skill level 1 in Fire Magic
  2008 | D:2      | Reached skill level 1 in Ice Magic
  2008 | D:2      | Reached skill level 1 in Earth Magic
  2008 | D:2      | Reached skill level 1 in Alchemy
  2329 | D:3      | Found a transporter.
  2331 | D:3      | Found a transporter.
  2331 | D:3      | Noticed bob002's ghost (amateur DsGl)
  2608 | D:3      | Found a stormy altar of Qazlal.
  3072 | D:4      | Noticed Sigmund
  3084 | D:4      | Killed Sigmund
  3085 | D:4      | Reached skill level 5 in Dodging
  3085 | D:4      | Reached XP level 5. HP: 24/38 MP: 4/12
  3085 | D:4      | Reached XP level 6. HP: 28/44 MP: 4/14
  3168 | D:4      | Found a glowing golden altar of the Shining One.
  3202 | D:4      | Found a sacrificial altar of Ru.
  3202 | D:4      | Found a shimmering altar of Xom.
  3251 | D:4      | Became a worshipper of the Shining One
  3279 | D:4      | Noticed Robin
  3298 | D:4      | Killed Robin
  3636 | D:4      | Reached XP level 7. HP: 50/50 MP: 8/15
  4020 | D:4      | Found a hide-covered altar of Uskayaw.
  4176 | D:4      | Found a burning altar of Makhleb.
  4363 | D:4      | Found a sparkling altar of Nemelex Xobeh.
  4417 | D:5      | Entered Level 5 of the Dungeon
  4470 | D:5      | Reached skill level 5 in Stealth
  4798 | D:5      | Reached * piety under the Shining One
  4829 | D:5      | Reached XP level 8. HP: 56/58 MP: 16/16
  4838 | D:5      | Found a basalt altar of Yredelemnul.
  4855 | D:5      | Found a staircase to the Ecumenical Temple.
  4871 | Temple   | Entered the Ecumenical Temple
  5270 | D:5      | Noticed Menkaure
  5288 | D:5      | Killed Menkaure
  6289 | D:6      | Noticed Eustachio
  6370 | D:6      | Killed Eustachio
  6371 | D:6      | Reached XP level 9. HP: 51/65 MP: 18/18
  6860 | D:6      | Found Zin's Purification Station.
  6860 | D:6      | Found a glowing silver altar of Zin.
  7015 | D:7      | Noticed a troll
  7182 | D:7      | Reached ** piety under the Shining One
  7306 | D:7      | Noticed a hornet
  7320 | D:7      | Killed a hornet
  7607 | D:7      | Reached skill level 5 in Invocations
  7886 | D:7      | Learned a level 2 spell: Static Discharge
  8173 | D:7      | Noticed a boulder beetle
  8238 | D:7      | Killed a troll
  8531 | D:7      | Found a radiant altar of Vehumet.
  8614 | D:7      | Reached skill level 5 in Fighting
  8614 | D:7      | Reached skill level 5 in Short Blades
  8614 | D:7      | Reached skill level 5 in Long Blades
  8614 | D:7      | Reached skill level 5 in Axes
  8614 | D:7      | Reached skill level 5 in Maces & Flails
  8614 | D:7      | Reached skill level 5 in Polearms
  8614 | D:7      | Reached skill level 5 in Staves
  8614 | D:7      | Reached skill level 5 in Ranged Weapons
  8614 | D:7      | Reached skill level 5 in Throwing
  8614 | D:7      | Reached skill level 5 in Armour
  8614 | D:7      | Reached skill level 5 in Shields
  8614 | D:7      | Reached skill level 5 in Unarmed Combat
  8614 | D:7      | Reached skill level 5 in Evocations
  8614 | D:7      | Reached XP level 10. HP: 65/74 MP: 13/20
  9069 | D:8      | Found a shimmering blue altar of Sif Muna.
  9098 | D:8      | Noticed Gastronok
  9137 | D:8      | Killed Gastronok
  9138 | D:8      | Reached skill level 5 in Conjurations
  9138 | D:8      | Reached skill level 5 in Shapeshifting
  9334 | D:8      | Found a white marble altar of Elyvilon.
  9580 | D:8      | Found an opulent altar of Gozag.
  9972 | D:9      | Reached *** piety under the Shining One
 10577 | D:10     | Entered Level 10 of the Dungeon
 10584 | D:10     | Noticed a two-headed ogre
 10592 | D:10     | Killed a two-headed ogre
 10675 | D:10     | Found Peisino's Clear Minds Boutique.
 10683 | D:10     | Learned a level 4 spell: Airstrike
 10732 | D:10     | Found Rufior Ella's Weapon Emporium.
 10742 | D:10     | Reached skill level 5 in Hexes
 10742 | D:10     | Reached skill level 5 in Summonings
 10742 | D:10     | Reached skill level 5 in Necromancy
 10742 | D:10     | Reached skill level 5 in Translocations
 10742 | D:10     | Reached skill level 5 in Fire Magic
 10742 | D:10     | Reached skill level 5 in Ice Magic
 10742 | D:10     | Reached skill level 5 in Earth Magic
 10742 | D:10     | Reached skill level 5 in Alchemy
 10772 | D:10     | Reached XP level 11. HP: 43/81 MP: 14/22
 11143 | D:10     | Found a staircase to the Orcish Mines.
 11145 | D:10     | Found Ategosh's Armour Emporium.
 11625 | D:11     | Noticed a two-headed ogre
 11630 | D:11     | Killed a two-headed ogre
 11745 | D:11     | Noticed a two-headed ogre
 11820 | D:11     | Noticed a boulder beetle
 11846 | D:11     | Killed a boulder beetle
 12216 | D:11     | Found a staircase to the Lair.
 12417 | D:11     | Noticed a centaur warrior
 12432 | D:11     | Killed a centaur warrior
 12527 | D:11     | Noticed a four-headed hydra
 12539 | D:11     | Killed a four-headed hydra
 12749 | D:11     | Reached XP level 12. HP: 83/91 MP: 15/24
 12954 | D:11     | Identified the +4 quarterstaff of Lyttivinwe {heavy, rElec
                  | Int+4}
 12955 | D:11     | Found Ariolol's Weapon Boutique.
 12975 | D:11     | Found Xiotinule's Jewellery Shop.
 13121 | D:11     | Noticed a tengu warrior
 13205 | D:11     | Killed a tengu warrior
 13374 | D:11     | Killed a two-headed ogre
 13815 | D:11     | Noticed a rakshasa
 13849 | D:11     | Killed a rakshasa
 14094 | D:12     | Found Ypheblum's Armour Emporium.
 14104 | D:12     | Noticed a two-headed ogre
 14104 | D:12     | Reached **** piety under the Shining One
 14119 | D:12     | Killed a two-headed ogre
 14346 | D:12     | Noticed Frances
 14775 | D:12     | Noticed Psyche
 14785 | D:12     | Killed Psyche
 14903 | D:12     | Found a shimmering blue altar of Sif Muna.
 14996 | D:12     | Noticed a soul eater
 15008 | D:11     | Killed Frances
 15885 | Orc:1    | Entered Level 1 of the Orcish Mines
 16524 | Orc:1    | Found a shimmering altar of Xom.
 16524 | Orc:1    | Noticed Fannar
 16712 | D:10     | Killed Fannar
 16713 | D:10     | Reached XP level 13. HP: 35/98 MP: 5/26
 17334 | Orc:2    | Entered Level 2 of the Orcish Mines
 17421 | Orc:2    | Found a roughly hewn altar of Beogh.
 17497 | Orc:2    | Found Jorex's Jewellery Boutique.
 17675 | Orc:2    | Found a staircase to the Elven Halls.
 17736 | Orc:2    | Found Saebap's Antique Weapon Shop.
 17826 | Orc:2    | Found a flickering gateway to a bazaar.
 17839 | Bazaar   | Entered a bazaar
 17839 | Bazaar   | Found Forgh's General Store.
 17839 | Bazaar   | Found Tineigiz's Weapon Emporium.
 17905 | Bazaar   | Found Byzali's Armour Shoppe.
 17921 | Bazaar   | Found Egroirah's Distillery.
 17957 | Bazaar   | Bought a potion of heal wounds for 80 gold pieces
 17957 | Bazaar   | Bought a potion of curing for 48 gold pieces
 17957 | Bazaar   | Bought a potion of curing for 48 gold pieces
 17957 | Bazaar   | Bought a potion of haste for 160 gold pieces
 17998 | Orc:2    | Reached skill level 10 in Spellcasting
 18780 | Orc:2    | Reached ***** piety under the Shining One
 18795 | Orc:2    | Reached skill level 10 in Dodging
 19082 | Orc:2    | Found Gogifat's Weapon Boutique.
 19183 | Orc:2    | Found Xuddaeh's Antique Weapon Shop.
 19183 | Orc:2    | Found Asiugg's Jewellery Shoppe.
 19185 | Orc:2    | Found Geloem's Weapon Emporium.
 19187 | Orc:2    | Found Lebid's Armour Boutique.
 19308 | Lair:1   | Entered Level 1 of the Lair of Beasts
 19308 | Lair:1   | Found a runed translucent gate.
 19309 | Lair:1   | Found a runed translucent gate.
 19310 | Lair:1   | Found a runed translucent gate.
 19317 | Lair:1   | Noticed NahIdwin's ghost (journeyman OpSh)
 19688 | Lair:1   | Found a frozen archway.
 19703 | Lair:1   | Reached skill level 10 in Stealth
 19710 | IceCv    | Entered an ice cave
 19880 | IceCv    | HP: 3/101 [dire elephant simulacrum (42)]
 20289 | IceCv    | Reached ****** piety under the Shining One
 20879 | IceCv    | Noticed a reaper
 20890 | IceCv    | Reached XP level 14. HP: 108/108 MP: 21/28
 20894 | IceCv    | Reached skill level 10 in Invocations
 20895 | IceCv    | Killed a reaper
 21333 | Lair:1   | Learned a level 5 spell: Summon Mana Viper
 21353 | Lair:1   | Identified the +9 arbalest "Difiokij" {freeze, ^Fragile rC+
                  | Str+3 Dex+7}
 23070 | Lair:1   | Learned a level 4 spell: Sticky Flame
 23100 | Lair:1   | Killed NahIdwin's ghost
 23467 | Lair:2   | Found a staircase to the Swamp.
 25842 | Lair:3   | Identified the +1 robe of Boredom {^Contam rF- rN+++ rCorr}
 25890 | Lair:3   | Found a hole to the Spider Nest.
 26353 | Lair:4   | Reached skill level 10 in Air Magic
 26409 | Lair:4   | Found a staircase to the Slime Pits.
 26466 | Lair:3   | Reached skill level 10 in Fighting
 26466 | Lair:3   | Reached skill level 10 in Short Blades
 26466 | Lair:3   | Reached skill level 10 in Long Blades
 26466 | Lair:3   | Reached skill level 10 in Axes
 26466 | Lair:3   | Reached skill level 10 in Maces & Flails
 26466 | Lair:3   | Reached skill level 10 in Polearms
 26466 | Lair:3   | Reached skill level 10 in Staves
 26466 | Lair:3   | Reached skill level 10 in Ranged Weapons
 26466 | Lair:3   | Reached skill level 10 in Throwing
 26466 | Lair:3   | Reached skill level 10 in Armour
 26466 | Lair:3   | Reached skill level 10 in Shields
 26466 | Lair:3   | Reached skill level 10 in Unarmed Combat
 26466 | Lair:3   | Reached skill level 10 in Evocations
 26883 | Lair:4   | Found a shimmering blue altar of Sif Muna.
 26946 | Lair:4   | Reached XP level 15. HP: 82/115 MP: 6/30
 27620 | Lair:5   | Entered Level 5 of the Lair of Beasts
 27921 | Lair:5   | Identified the +0 scale mail "Dohoegor" {Str+4}
 30773 | Lair:5   | Paralysed by a hornet for 1 turns
 31820 | D:13     | Reached skill level 10 in Shapeshifting
 32301 | D:13     | Reached XP level 16. HP: 80/124 MP: 12/32
 32478 | D:13     | Found a gate to the Vaults.
 32966 | D:13     | Learned a level 5 spell: Lee's Rapid Deconstruction
 33887 | D:13     | Identified the +0 pair of boots of Puyn {Slay+2}
 35199 | D:14     | Noticed Kirke
 35223 | D:14     | Killed Kirke
 36561 | D:15     | Entered Level 15 of the Dungeon
 36942 | D:14     | Reached skill level 10 in Conjurations
 37756 | D:15     | Noticed Jorgrun
 37766 | D:15     | Killed Jorgrun
 37814 | D:15     | Found a staircase to the Depths.
 38529 | Spider:1 | Entered Level 1 of the Spider Nest
 38690 | Spider:1 | Identified the +1 plate armour of the Sea {Str+3 Dex+4}
 39624 | Spider:1 | Reached XP level 17. HP: 124/133 MP: 27/33
 40194 | Spider:2 | Reached skill level 10 in Hexes
 40194 | Spider:2 | Reached skill level 10 in Summonings
 40194 | Spider:2 | Reached skill level 10 in Necromancy
 40194 | Spider:2 | Reached skill level 10 in Translocations
 40194 | Spider:2 | Reached skill level 10 in Fire Magic
 40194 | Spider:2 | Reached skill level 10 in Ice Magic
 40194 | Spider:2 | Reached skill level 10 in Earth Magic
 40194 | Spider:2 | Reached skill level 10 in Alchemy
 42948 | Spider:2 | HP: 6/133 [burnt (13)]
 43715 | Spider:3 | Identified the +5 sling "Cics" {flame, rPois rC- rN++ MP+9}
 43957 | Spider:4 | Entered Level 4 of the Spider Nest
 46334 | Spider:4 | Reached XP level 18. HP: 141/141 MP: 19/35
 46864 | Spider:4 | Got a gossamer rune of Zot
 47941 | D:6      | Bought a potion of curing for 90 gold pieces
 48056 | D:3      | Killed bob002's ghost
 48687 | Swamp:1  | Entered Level 1 of the Swamp
 48687 | Swamp:1  | Noticed a tentacled monstrosity
 48833 | Swamp:1  | Killed a tentacled monstrosity
 52548 | Swamp:3  | Reached XP level 19. HP: 149/149 MP: 36/36
 53029 | Swamp:4  | Entered Level 4 of the Swamp
 53178 | Swamp:4  | Noticed Donald
 53190 | Swamp:4  | Killed Donald
 54203 | Swamp:4  | Noticed Bai Suzhen
 54225 | Swamp:4  | Killed Bai Suzhen
 54273 | Swamp:4  | Reached XP level 20. HP: 131/156 MP: 5/38
 55253 | Swamp:4  | Got a decaying rune of Zot
 55664 | Elf:1    | Entered Level 1 of the Elven Halls
 57175 | Elf:1    | Got Sif Muna's Incunabulum of the Concerted Volley
 57315 | Elf:1    | Identified the +0 cloak "Juturir" {Fly MP+9 Int-2 Dex+4}
 58232 | Elf:2    | Reached skill level 15 in Invocations
 58744 | Elf:2    | Found a runed translucent gate.
 58744 | Elf:2    | Found a runed translucent gate.
 58744 | Elf:2    | Found a runed translucent gate.
 58901 | Elf:2    | Paralysed by an air elemental for 1 turns
 59120 | Elf:3    | Entered Level 3 of the Elven Halls
 59827 | Elf:3    | Found Buita's Distillery.
 59830 | Elf:3    | Bought a potion of curing for 30 gold pieces
 59830 | Elf:3    | Bought a potion of curing for 30 gold pieces
 59830 | Elf:3    | Bought a potion of curing for 30 gold pieces
 59830 | Elf:3    | Bought 2 potions of curing for 60 gold pieces
 59830 | Elf:3    | Bought a potion of curing for 30 gold pieces
 61204 | Elf:3    | Identified the +6 dagger of Fee Simple {holy, rCorr Str+3}
 61448 | Elf:3    | Reached XP level 21. HP: 165/165 MP: 3/39
 61974 | Elf:3    | Reached skill level 15 in Spellcasting
 62147 | Elf:3    | Identified the ring of Dotiyze {rF+ Str+2 Int+4 Dex+2}
 62551 | Elf:3    | Identified the +6 trident of the Bedazzling Bear {holy,
                  | rElec}
 63074 | Elf:2    | Reached skill level 15 in Dodging
 64219 | Elf:2    | Reached skill level 15 in Stealth
 65022 | Depths:1 | Entered Level 1 of the Depths
 65279 | Depths:1 | Found a runed translucent door.
 65353 | Depths:1 | Paralysed by a vampire knight for 5 turns
 65757 | Depths:1 | Found Negauh's Distillery.
 66025 | Depths:1 | Found Mukarph's Assorted Antiques.
 66036 | Depths:1 | Bought a scroll of revelation for 217 gold pieces
 66036 | Depths:1 | Bought a wand of mindburst (11) for 446 gold pieces
 66290 | Depths:1 | Found a one-way gate leading to the halls of Pandemonium.
 66779 | Depths:1 | Found a gateway to Hell.
 67077 | Depths:2 | Found Esuholoch's Tiny Tomes.
 67268 | Depths:2 | Found a one-way gateway to a ziggurat.
 67292 | Depths:2 | Noticed a juggernaut
 67292 | Depths:2 | Noticed a juggernaut
 67303 | Depths:2 | Killed a juggernaut
 67411 | Depths:1 | Killed a juggernaut
 67563 | Depths:2 | Reached XP level 22. HP: 124/174 MP: 33/41
 68840 | Depths:1 | Reached skill level 15 in Fighting
 68840 | Depths:1 | Reached skill level 15 in Short Blades
 68840 | Depths:1 | Reached skill level 15 in Long Blades
 68840 | Depths:1 | Reached skill level 15 in Axes
 68840 | Depths:1 | Reached skill level 15 in Maces & Flails
 68840 | Depths:1 | Reached skill level 15 in Polearms
 68840 | Depths:1 | Reached skill level 15 in Staves
 68840 | Depths:1 | Reached skill level 15 in Ranged Weapons
 68840 | Depths:1 | Reached skill level 15 in Throwing
 68840 | Depths:1 | Reached skill level 15 in Armour
 68840 | Depths:1 | Reached skill level 15 in Shields
 68840 | Depths:1 | Reached skill level 15 in Unarmed Combat
 68840 | Depths:1 | Reached skill level 15 in Evocations
 69865 | Depths:2 | Found the +10 dark maul {heavy}
 70147 | Depths:3 | Noticed a golden dragon
 70673 | Depths:2 | Killed a golden dragon
 71986 | Depths:3 | Found a one-way gate to the infinite horrors of the Abyss.
 72372 | Depths:3 | Found a hide-covered altar of Uskayaw.
 72854 | Depths:4 | Entered Level 4 of the Depths
 73956 | Depths:4 | Noticed a juggernaut
 74004 | Depths:3 | Reached XP level 23. HP: 133/182 MP: 43/43
 74490 | Depths:3 | Killed a juggernaut
 75603 | Depths:4 | Noticed a golden dragon
 75646 | Depths:4 | Killed a golden dragon
 76131 | Depths:4 | Noticed a golden dragon
 76138 | Depths:4 | Killed a golden dragon
 76246 | Depths:4 | Found a gate to the Realm of Zot.
 76493 | Vaults:1 | Entered Level 1 of the Vaults
 77284 | Vaults:1 | Noticed Norris
 77295 | Vaults:1 | Killed Norris
 78547 | Vaults:2 | Paralysed by a formless jellyfish for 1 turns
 78986 | Vaults:2 | Reached skill level 15 in Shapeshifting
 79012 | Vaults:2 | Reached XP level 24. HP: 137/191 MP: 38/43
 79134 | Vaults:2 | Paralysed by a formless jellyfish for 1 turns
 80054 | Vaults:3 | Noticed Saint Roka
 80069 | Vaults:3 | Killed Saint Roka
 80430 | Vaults:3 | Reached skill level 15 in Earth Magic
 80464 | Vaults:3 | Found a staircase to the Crypt.
 80492 | Vaults:3 | Found Getosmae's Book Boutique.
 80550 | Vaults:3 | Bought a book of Chaos for 650 gold pieces
 80945 | Vaults:3 | Reached skill level 15 in Air Magic
 82730 | Vaults:4 | Noticed an ancient lich
 82841 | Vaults:4 | Killed an ancient lich
 83293 | Vaults:4 | Found Moasiogh's Weapon Shoppe.
 83553 | Vaults:5 | Entered Level 5 of the Vaults
 83556 | Vaults:5 | Reached XP level 25. HP: 177/200 MP: 37/44
 83557 | Vaults:5 | Noticed Mennas
 84160 | Vaults:5 | Noticed a dread lich
 84216 | Vaults:4 | Killed a dread lich
 84897 | Vaults:5 | Identified the +5 quarterstaff "Spiderbane" {flame, rF++
                  | rC- Stlth+}
 86948 | Vaults:4 | Reached skill level 15 in Conjurations
 87215 | Vaults:5 | Noticed an ancient lich
 88229 | Vaults:5 | Killed an ancient lich
 88328 | Vaults:5 | Got a silver rune of Zot
 88340 | Vaults:5 | Identified the +5 arbalest of Defilement {antimagic, rPois
                  | Dex+2 SInv}
 88417 | Vaults:5 | Found Aximomo's Distillery.
 88421 | Vaults:5 | Bought a potion of heal wounds for 90 gold pieces
 88421 | Vaults:5 | Bought a potion of heal wounds for 90 gold pieces
 88421 | Vaults:5 | Bought a potion of haste for 180 gold pieces
 88421 | Vaults:5 | Bought a potion of might for 72 gold pieces
 88421 | Vaults:5 | Bought a potion of curing for 54 gold pieces
 88421 | Vaults:5 | Bought a potion of haste for 180 gold pieces
 88448 | Vaults:5 | Killed Mennas
 88692 | Vaults:5 | Found Sucsoc's Assorted Antiques.
 88758 | Vaults:5 | Reached skill level 15 in Hexes
 88758 | Vaults:5 | Reached skill level 15 in Summonings
 88758 | Vaults:5 | Reached skill level 15 in Necromancy
 88758 | Vaults:5 | Reached skill level 15 in Translocations
 88758 | Vaults:5 | Reached skill level 15 in Fire Magic
 88758 | Vaults:5 | Reached skill level 15 in Ice Magic
 88758 | Vaults:5 | Reached skill level 15 in Alchemy
 88912 | Vaults:5 | Identified the +5 orcbow of Growth {heavy, +Blink rC+
                  | Str+4}
 89144 | Vaults:5 | Reached XP level 26. HP: 119/207 MP: 45/45
 89282 | Vaults:5 | Identified the ring "Reuf" {rElec rN+ MP+9}
 89610 | Vaults:5 | Bought a potion of mutation for 144 gold pieces
 89610 | Vaults:5 | Bought a potion of curing for 54 gold pieces
 89610 | Vaults:5 | Bought a potion of magic for 144 gold pieces
 89762 | Crypt:1  | Entered Level 1 of the Crypt
 90566 | Crypt:2  | Identified the ring of the Unicorn {Ice rN+ rCorr}
 90566 | Crypt:2  | Noticed Josephina
 90732 | Crypt:2  | Killed Josephina
 90822 | Crypt:2  | Identified the +3 trident "Orb Guardian's Regret" {venom,
                  | Fly rN+ Int+4 Stlth+}
 90943 | Crypt:2  | Found a runed translucent gate.
 90944 | Crypt:2  | Found a runed translucent gate.
 90952 | Crypt:2  | Found a burning altar of Makhleb.
 91043 | Crypt:2  | Found a runed translucent gate.
 91044 | Crypt:2  | Found an opulent altar of Gozag.
 91044 | Crypt:2  | Noticed Osipn's ghost (veteran MiGl)
 91047 | Crypt:2  | Found Sishriedd's Assorted Antiques.
 91177 | Crypt:3  | Entered Level 3 of the Crypt
 91540 | Crypt:3  | Found a staircase to the Tomb.
 91743 | Crypt:3  | Identified the orb "Inyafit" {light, ^Drain rF+ Int+3}
 91743 | Crypt:3  | Noticed Frederick
 91755 | Crypt:3  | Killed Frederick
 92280 | Crypt:3  | Found a basalt altar of Yredelemnul.
 92284 | Crypt:3  | Found an ancient bone altar of Kikubaaqudgha.
 92291 | Crypt:3  | Found the +8 whip "Snakebite" {venom, curare, rPois}
 92300 | Crypt:3  | Identified the +2 shortbow "Grim" {elec, rElec rC+ Int+2}
 92301 | Crypt:3  | Identified the ring of Toheunef {rN++ SInv}
 92301 | Crypt:3  | Identified the ring of Cem Uqacs {rPois rN++ Will+}
 92320 | Crypt:3  | Found the ring of Shadows {Umbra +Inv Stlth+}
 92330 | Crypt:3  | Identified the staff "Baicsiev" {rElec rPois rN+ Necro
                  | Fire}
 92857 | Zot:1    | Entered Level 1 of the Realm of Zot
 93079 | Zot:1    | Got the Compilation of Petrified Chilblains
 93320 | Zot:1    | Found a transporter.
 93764 | Zot:1    | Found a transporter.
 93845 | Zot:1    | Identified the +5 chain mail of the Irksome God {rPois
                  | Slay+5}
 93900 | Zot:1    | Found a transporter.
 94207 | Zot:1    | Learned a level 7 spell: Manifold Assault
 95214 | Zot:2    | Found a white marble altar of Elyvilon.
 95823 | Zot:2    | Identified the +1 trident "Mutamu" {antimagic, rPois Will-
                  | Int+4}
 96006 | Zot:3    | Noticed an orb of fire
 96716 | Zot:2    | Reached XP level 27. HP: 35/219 MP: 45/45
 96853 | Zot:3    | Noticed Grunn
 97474 | Zot:3    | HP: 9/219 [red draconian monk/searing blast (8)]
 97481 | Zot:3    | Killed from afar by a storm dragon

Illustrated notes

Levels and vault maps discovered:
D:1:      onia_arrival_mini_maze, layout_basic, minmay_heptomino_l4
D:2:      layout_loops_ring, serial_shops, shop, minmay_misc_feat_nine_boxes,
          uniq_terence
D:3:      layout_basic, grunt_qazlal_clouds, gammafunk_ghost_arena
D:4:      layout_rooms, nemelex_spade_bored_becter, marbit_many_paths,
          lemuel_tele_altar, minitemple, uniq_robin, uniq_sigmund
D:5:      layout_loops_ring, nicolae_yredelemnul_corpse_copse,
          minmay_temple_entry_sparse_star, chequers_serial_rivers_micro_b,
          sigmund_army, uniq_menkaure
D:6:      layout_rooms, zin_purify, uniq_eustachio
D:7:      lemuel_ice_spiral_2, layout_basic, lemuel_doored_altar, st_stairs_12,
          kb_rosetta
D:8:      layout_rooms, nicolae_gozag_cash_rules_everything_around_me,
          mainiacjoe_overflow_boulevard, mainiacjoe_overflow_chevrons,
          uniq_gastronok
D:9:      layout_irregular_city
D:10:     layout_basic, orc_david_3, nicolae_clarity_for_sale
D:11:     layout_basic, lair_entry_dummy, serial_shops, shop, shop,
          hangedman_decor_clover_reticule, minmay_shattered_shrine
D:12:     layout_roguey, serial_shops, shop_fountains,
          serial_library_hellmonk_statue_hall, uniq_frances, uniq_psyche
D:13:     dpeg_index_elf_rogue_hall, layout_basic, erik_vaults_1
D:14:     layout_layer_cave, uniq_kirke
D:15:     grunt_enter_depths_snipers, layout_stronghold,
          minmay_misc_feat_pillars, uniq_jorgrun
Temple:   jpeg_temple_island
Lair:1:   minmay_lair_oklob_chamber, layout_cave_pods, gammafunk_ghost_split,
          portal_ice_cave_entry_ice_simulacra
Lair:2:   layout_layer_cave, minmay_swamp_entry_eels, lemuel_fruit_fields
Lair:3:   layout_roguey [special_room_bee], spider_nest_entry_webs, st_stairs_3
Lair:4:   layout_cave_pods, nicolae_slime_entry_field_trip, basic_altar
Lair:5:   hangedman_lair_caniforms_friends, layout_long_grid, wormcave,
          nicolae_lair_grazing_beasts [nicolae_sub_lair_graze_edge,
          nicolae_sub_lair_graze_edge, nicolae_sub_lair_graze_edge,
          nicolae_sub_lair_graze_edge], infiniplex_staircase_pool_2
Swamp:1:  layout_basic_swamp, evilmike_swamp_ruin_wall, swamp_pool_1_2,
          nicolae_swamp_big_swirl, hangedman_swamp_ravenous
Swamp:2:  layout_basic_swamp, hangedman_swamp_cone, swamp_pool_1_2
Swamp:3:  layout_basic_swamp, nicolae_swamp_triple_paths,
          infiniplex_staircase_pool, nicolae_swamp_long_stream
Swamp:4:  swamp_vile, layout_basic_swamp, uniq_bai_suzhen, uniq_donald
Spider:1: layout_cave_pods
Spider:2: layout_spider_delve
Spider:3: nicolae_spider_hall_of_the_moth_king
Spider:4: grunt_spider_rune_parallel
Orc:1:    layout_caves, regret_index_xom_of_box, uniq_fannar
Orc:2:    st_orc_rangers, layout_diamond_mine, basic_altar, serial_shops,
          bzr_entry_water, shop, shop, nicolae_shop_real_fake_doors
Elf:1:    eino_elf_arrival_the_gate, layout_gridlike, minmay_elf_sorcery
Elf:2:    elven_hall_of_blades_hangedman_original
          [nicolae_blade_entry_hurt_lockers], layout_geoelf_grid
Elf:3:    elf_hall_gauntlet_narrow, layout_onion_city, serial_shops,
          nicolae_shop_pleasant_corner_grove
Vaults:1: nicolae_vaults_network_barrier, v_misc_5,
          nicolae_vaults_yaktaur_gun_rack, nicolae_vaults_trapezoid_3,
          nicolae_vaults_border_crossing, v_rooms_5,
          nicolae_vaults_closet_pinwheel_6, ontoclasm_vaults_misaligned,
          ontoclasm_vaults_ring_small, vaults_dpeg_ring,
          layout_vaults_omnicross, uniq_norris
Vaults:2: ontoclasm_vaults_shuriken, v_misc_19, nicolae_vaults_shelves_hall,
          nicolae_vaults_little_squares_1, hangedman_vaults_cutoff,
          ontoclasm_vaults_spin, grunt_vaults_funnel, hangedman_vaults_slice,
          vaults_mumra_hexcomb, ontoclasm_vaults_ligature,
          nicolae_vaults_network_quinsquares
          [nicolae_vaults_network_quincunx_subvault,
          nicolae_vaults_network_quincunx_subvault,
          nicolae_vaults_network_quincunx_subvault,
          nicolae_vaults_network_quincunx_subvault], vaults_dpeg_diagonal,
          nicolae_vaults_statue_guard, layout_vaults_big_room
Vaults:3: ontoclasm_vaults_twist, nicolae_vaults_asterisk,
          nicolae_vaults_network_star, vaults_mumra_minichess_inversion,
          minmay_crypt_entry_simple_statues, v_alt_pattern_2,
          nicolae_vaults_surprise_closet, v_pattern_4, vaults_room_pool,
          nicolae_vaults_murder_corner, nicolae_vaults_tetromino_L_2,
          vaults_dpeg_encased_lava, nicolae_vaults_little_squares_6,
          layout_vaults_omnigrid, serial_shops, shop, uniq_saint_roka
Vaults:4: v_pattern_2, vaults_room_octagon, nicolae_vaults_turnstiles,
          nicolae_vaults_mush_room, vaults_mumra_minichess,
          nicolae_vaults_ninety_degrees, ontoclasm_vaults_ring_square,
          v_alt_pattern_6, v_misc_29, grunt_vaults_hallway_short,
          layout_vaults_omnibox, serial_shops, nicolae_shop_bloodbath_and_beyond
Vaults:5: uniq_mennas
Crypt:1:  layout_chaotic_city, st_stairs_12, grunt_crypt_arrival_webbed
Crypt:2:  layout_rooms, ebering_ghost_gozag, lemuel_hellish_altar,
          uniq_josephina
Crypt:3:  lightli_unholy_cathedral, layout_chaotic_city,
          tomb_entry_forgotten_bobbens, nicolae_fountain_basement,
          uniq_frederick
Depths:1: layout_gridlike, hellmouth_2, serial_shops, shop,
          rand_demon_pan_entry_9, nicolae_take_the_stairs, minmay_crystal_box
Depths:2: minmay_roctagon, layout_cave_pools, enter_ziggurat_e, pan_entry,
          nrook_uturn, pf_hell_entry_great_geh, hangedman_decor_points,
          nicolae_shop_i_like_small_books_too, kennysheep_generic_room_5
Depths:3: hangedman_arrow_trap, layout_long_grid, abyss_entry,
          nicolae_uskayaw_suspiria, hell_entry
Depths:4: evilmike_zot_entry_gauntlet, layout_honeycomb, abyss_entry,
          grunt_pan_entry_in_and_out, grunt_decor_resistance,
          hangedman_coc_ice_floe, nicolae_concentric_dashed_squares_wild,
          hangedman_abyss_or_decor_clamps
Zot:1:    layout_gridlike, bh_zot_levy_curve, nicolae_diode_intersection,
          regret_index_zotdec_twisting_globes
Zot:2:    layout_concentric_octagons, regret_index_zotdec_iron_s
Zot:3:    regret_index_infernal_bastille, layout_onion_interference, uniq_grunn

Skill      XL: |  1  2  3  4  5  6  7  8  9 10 11 12 13 14 15 16 17 18 19 20 21 22 23 24 25 26 27 |
---------------+----------------------------------------------------------------------------------+-----
Conjurations   | 2 3 4 5 6 7 8 9 10 11 12 13 14 15 | 15.8
Spellcasting   | 5 6 7 8 9 10 11 12 13 14 15 16 17 18 19 | 19.0
Invocations    | 1 2 3 4 5 6 7 8 9 10 11 12 13 14 15 16 17 18 19 | 19.9
Fighting       | 1 2 3 4 5 6 7 8 9 10 11 12 13 14 15 16 17 18 | 18.4
Short Blades   | 1 2 3 4 5 6 7 8 9 10 11 12 13 14 15 16 17 18 | 18.4
Long Blades    | 1 2 3 4 5 6 7 8 9 10 11 12 13 14 15 16 17 18 | 18.4
Axes           | 1 2 3 4 5 6 7 8 9 10 11 12 13 14 15 16 17 18 | 18.4
Maces & Flails | 1 2 3 4 5 6 7 8 9 10 11 12 13 14 15 16 17 18 | 18.4
Polearms       | 1 2 3 4 5 6 7 8 9 10 11 12 13 14 15 16 17 18 | 18.4
Staves         | 1 2 3 4 5 6 7 8 9 10 11 12 13 14 15 16 17 18 | 18.4
Ranged Weapons | 1 2 3 4 5 6 7 8 9 10 11 12 13 14 15 16 17 18 | 18.4
Throwing       | 1 2 3 4 5 6 7 8 9 10 11 12 13 14 15 16 17 18 | 18.4
Armour         | 1 2 3 4 5 6 7 8 9 10 11 12 13 14 15 16 17 18 | 18.4
Shields        | 1 2 3 4 5 6 7 8 9 10 11 12 13 14 15 16 17 18 | 18.4
Unarmed Combat | 1 2 3 4 5 6 7 8 9 10 11 12 13 14 15 16 17 18 | 18.4
Evocations     | 1 2 3 4 5 6 7 8 9 10 11 12 13 14 15 16 17 18 | 18.4
Shapeshifting  | 1 2 3 4 5 6 7 8 9 10 11 12 13 14 15 16 17 | 17.0
Hexes          | 1 2 3 4 5 6 7 8 9 10 11 12 13 14 15 | 15.6
Summonings     | 1 2 3 4 5 6 7 8 9 10 11 12 13 14 15 | 15.6
Necromancy     | 1 2 3 4 5 6 7 8 9 10 11 12 13 14 15 | 15.6
Translocations | 1 2 3 4 5 6 7 8 9 10 11 12 13 14 15 | 15.6
Fire Magic     | 1 2 3 4 5 6 7 8 9 10 11 12 13 14 15 | 15.6
Ice Magic      | 1 2 3 4 5 6 7 8 9 10 11 12 13 14 15 | 15.6
Earth Magic    | 1 2 3 4 5 6 7 8 9 10 11 12 13 14 15 16 17 18 | 18.0
Alchemy        | 1 2 3 4 5 6 7 8 9 10 11 12 13 14 15 | 15.6
Dodging        | 5 6 7 8 9 10 11 12 13 14 15 16 17 18 | 18.9
Stealth        | 5 6 7 8 9 10 11 12 13 14 15 16 17 18 | 18.8
Air Magic      | 6 7 8 9 10 11 12 13 14 15 16 | 16.5

Action                     |  1- 3 |  4- 6 |  7- 9 | 10-12 | 13-15 | 16-18 | 19-21 | 22-24 | 25-27 || total
---------------------------+-------+-------+-------+-------+-------+-------+-------+-------+-------++-------
  Melee: Unarmed           |     2 |       |       |       |       |       |       |       |       ||     2
         Rapier            |       |    28 |   451 |       |       |       |       |       |       ||   479
         Bite              |       |     1 |    79 |    30 |   116 |   139 |    89 |   279 |   199 ||   932
         Dagger            |       |       |    34 |     3 |       |       |       |       |       ||    37
         Staff             |       |       |     5 |    23 |    33 |   279 |   209 |    10 |    28 ||   587
         Falchion          |       |       |       |   153 |   415 |   262 |       |       |       ||   830
         Double sword      |       |       |       |       |       |       |   232 |  1252 |   788 ||  2272
   Cast: Shock             |    61 |    92 |    55 |       |     4 |       |       |       |       ||   212
         Static Discharge  |       |       |    33 |   262 |   783 |    74 |    22 |       |     2 ||  1176
         Airstrike         |       |       |       |    21 |    39 |   220 |   169 |    10 |     9 ||   468
         Sticky Flame      |       |       |       |       |    37 |   168 |    41 |     4 |     1 ||   251
         Lee's Rapid Decon |       |       |       |       |       |    54 |   132 |    51 |    20 ||   257
         Summon Mana Viper |       |       |       |       |       |    67 |    88 |    60 |    16 ||   231
 Invoke: Cleansing Flame   |       |       |       |     4 |     4 |     3 |     7 |    40 |    76 ||   134
         Divine Shield     |       |       |       |     1 |     1 |     1 |     1 |     3 |     7 ||    14
         Summon Divine War |       |       |       |       |     1 |     1 |     8 |     4 |     4 ||    18
  Evoke: Wand              |       |       |     2 |     5 |    15 |    23 |     3 |     2 |     4 ||    54
         Condenser vane    |       |       |       |       |       |     3 |     1 |     1 |     1 ||     6
         Phantom mirror    |       |       |       |       |       |     1 |     1 |     1 |     1 ||     4
         Phial of floods   |       |       |       |       |       |       |       |       |     2 ||     2
    Use: Potion            |       |     1 |     1 |     1 |     3 |     6 |     3 |     5 |    17 ||    37
         Scroll            |       |       |     3 |     9 |     3 |    17 |    13 |     4 |    11 ||    60
 Armour: Robe              |     4 |    28 |   265 |       |       |       |       |       |       ||   297
         Troll leather arm |       |       |    21 |   551 |  1834 |   737 |   400 |       |       ||  3543
         Scale mail        |       |       |       |       |       |       |   159 |  1652 |  1423 ||  3234
  Dodge: Dodged            |     5 |    24 |   218 |   149 |   696 |   527 |   303 |   983 |   690 ||  3595
  Block: Other             |       |     7 |     1 |       |       |       |       |       |       ||     8
         Kite shield       |       |       |   562 |   384 |  1554 |  1036 |   399 |  1448 |  1196 ||  6579
         Reflection        |       |       |     5 |    10 |    60 |    38 |    52 |    75 |    51 ||   291

Table legend: (Time is in decaauts)
 A = Elapsed time spent in this place.
 B = Non-inter-level travel time spent in this place.
 C = Inter-level travel time spent in this place.
 D = Time resting spent in this place.
 E = Time spent auto-exploring this place.
 F = Levels seen in this place.
 G = Mean time per level.
                   A        B        C        D        E       F      G
               +--------+--------+--------+--------+--------+-----+--------+
         Total |  98514 |  92949 |   5565 |  27875 |  44751 |  51 | 1931.6 |
       Dungeon |  25003 |  22884 |   2119 |   4945 |  13604 |  15 | 1666.9 |
        Temple |    137 |    137 |      0 |     91 |      0 |   1 |  137.0 |
          Lair |  11764 |  11162 |    602 |   2113 |   6694 |   5 | 2352.8 |
         Swamp |   6746 |   6558 |    188 |   1569 |   3730 |   4 | 1686.5 |
   Spider Nest |   9186 |   8854 |    332 |   2898 |   4293 |   4 | 2296.5 |
  Orcish Mines |   3149 |   3000 |    149 |    552 |   1717 |   2 | 1574.5 |
   Elven Halls |   8628 |   8330 |    298 |   2993 |   3156 |   3 | 2876.0 |
        Vaults |  13366 |  12524 |    842 |   4318 |   5264 |   5 | 2673.2 |
         Crypt |   2787 |   2662 |    125 |    251 |   1513 |   3 |  929.0 |
        Depths |  11684 |  11057 |    627 |   5586 |   2740 |   4 | 2921.0 |
           Zot |   4527 |   4249 |    278 |   2094 |   1435 |   3 | 1509.0 |
        Bazaar |    126 |    126 |      0 |      0 |     69 |   1 |  126.0 |
      Ice Cave |   1404 |   1404 |      0 |    461 |    534 |   1 | 1404.0 |
               +--------+--------+--------+--------+--------+-----+--------+

Top non-repeatable levels by time:
Vaults:4: 6304 daAuts
  Lair:5: 3789 daAuts
Depths:1: 3772 daAuts
Spider:4: 3438 daAuts
   Elf:2: 3412 daAuts
   Elf:3: 3243 daAuts
Depths:3: 3192 daAuts
    D:11: 3041 daAuts
Depths:2: 2894 daAuts
    D:13: 2863 daAuts
   Zot:2: 2700 daAuts
  Lair:1: 2569 daAuts
 Swamp:4: 2517 daAuts
Spider:2: 2499 daAuts
    D:14: 2472 daAuts
